 Dungeon Crawl Stone Soup version 0.26.0-16-gc1dbca0489 (webtiles) character file.

Game seed: 1795675467380251902

16 pokeman the Magician (level 2, -2/16 HPs)
             Began as a Deep Elf Hedge Wizard on Jan 19, 2021.
             Slain by a worker ant (7 damage)
             ... on level 2 of the Dungeon.
             The game lasted 00:01:56 (1001 turns).

pokeman the Magician (Deep Elf Hedge Wizard)        Turns: 1001, Time: 00:01:57

Health: -2/16      AC:  3    Str:  7    XL:     2   Next: 41%
Magic:  0/9        EV: 13    Int: 24    God:
Gold:   64         SH:  0    Dex: 14    Spells: 9/10 levels left

rFire    . . .     SeeInvis +   g - +3 dagger
rCold    . . .     Faith    .   (no shield)
rNeg     . . .     Spirit   .   b - +0 robe
rPois    .         Reflect  .   c - +0 hat
rElec    .         Harm     .   f - +0 cloak
rCorr    .         Rampage  .   (no gloves)
Will     .....                  (no boots)
Stlth    ++........             (no amulet)
HPRegen  0.05/turn              d - +6 ring of intelligence
MPRegen  0.11/turn              j - ring of see invisible

@: very slightly contaminated
A: no striking features
a: no special abilities


You were on level 2 of the Dungeon.
You visited 1 branch of the dungeon, and saw 2 of its levels.

You collected 64 gold pieces.

Inventory:

Hand Weapons
 g - a +3 dagger (weapon)
Missiles
 e - 14 bolts
 n - 56 arrows
Armour
 b - a +0 robe (worn)
 c - a +0 hat (worn)
 f - a +0 cloak (worn)
Jewellery
 d - a +6 ring of intelligence (left hand)
 j - a ring of see invisible (right hand)
Scrolls
 h - a scroll of identify {unknown}
 i - a scroll of remove curse {unknown}
 l - a scroll of immolation {unknown}
Potions
 a - a potion of ambrosia {unknown}
 k - a potion of curing {unknown}
 m - a potion of berserk rage {unknown}


   Skills:
 + Level 0.5 Fighting
 + Level 0.5 Armour
 - Level 2.4 Dodging
 - Level 2.4 Stealth
 * Level 4.8 Spellcasting
 + Level 1.5 Conjurations
 - Level 1.1 Summonings
 - Level 1.1 Translocations


You had 9 spell levels left.
You knew the following spells:

 Your Spells              Type           Power        Failure   Level
a - Magic Dart            Conj           52%          4%          1

Your spell library contained the following spells:

 Spells                   Type           Power        Failure   Level
 Blink                    Tloc           N/A          9%          2
 Call Imp                 Summ           11%          9%          2
 Slow                     Hex            5%           14%         2
 Conjure Flame            Conj/Fire      9%           21%         3
 Mephitic Cloud           Conj/Pois/Air  8%           22%         3


Dungeon Overview and Level Annotations

Branches:
Dungeon (2/15)

Altars:
Qazlal
Uskayaw
Xom
Zin


Message History

Aim: a worker ant (severely wounded, 0% to evade)
You miscast Magic Dart.
You are very lightly contaminated with residual magic.
Nothing appears to happen.
The worker ant bites you.
Casting: Magic Dart (safe; 4% risk of failure)
Confirm with . or Enter, or press ? or * to list all spells.
Aiming: Magic Dart (safe; 4% risk of failure)
Press: ? - help, Shift-Dir - straight line, f/p - worker ant
Aim: a worker ant (severely wounded, 0% to evade)
The magic dart hits the worker ant.
The worker ant is severely wounded.
The worker ant completely misses you.
Unknown command.
You hit the worker ant but do no damage.
The worker ant is severely wounded.
The worker ant barely misses you.
You hit the worker ant.
The worker ant is almost dead.
The worker ant misses you. The worker ant bites you!
You die...

### ###### ## #.#
#....# ... #<# #....#
.... #####.###....#
b.... +............#
#...#########....#
#..'..#....)....#
##.##B#.........# #
#@#.........#
#.#.........#
#.######)...# ####.#
#....# #....# #....#
###.#########....###
#......>.............
###..#.......(.......
#...#.....##....###.


You could see a worker ant.

Vanquished Creatures
  2 leopard geckos
  A bat (D:1)
  2 goblins
  2 hobgoblins (D:1)
  3 kobolds (D:1)
  A frilled lizard (D:1)
  3 rats (D:1)
14 creatures vanquished.

Notes
Turn   | Place    | Note
-------+----------+-------------------------------------------
     0 | D:1      | pokeman the Deep Elf Hedge Wizard began the quest for the
                  | Orb.
     0 | D:1      | Reached XP level 1. HP: 10/10 MP: 7/7
   397 | D:1      | Found a shimmering altar of Xom.
   399 | D:1      | Found a glowing silver altar of Zin.
   399 | D:1      | Found a hide-covered altar of Uskayaw.
   401 | D:1      | Found a stormy altar of Qazlal.
   401 | D:1      | Found a shimmering altar of Xom.
   401 | D:1      | Found a glowing silver altar of Zin.
   484 | D:1      | Reached XP level 2. HP: 15/15 MP: 7/9
  1001 | D:2      | Slain by a worker ant

Illustrated notes

Levels and vault maps discovered:
D:1:      shiori_arrival_oz, layout_loops_ring, doesnt_xom_only_xom
D:2:      layout_basic, lemuel_round_altar, lemuel_round_altar, uniq_jessica,
          uniq_terence

Action                   || total
-------------------------++-------
Melee: Dagger            ||     2
 Cast: Magic Dart        ||    38
Armor: Robe              ||     2
Dodge: Dodged            ||    11
